 Dungeon Crawl Stone Soup version 0.29-a0-334-gb41bcbb86e (webtiles) character file.

Game seed: 3556780062527277007

134 spaghetti the Conjurer (level 5, -1/31 HPs)
             Began as an Octopode Conjurer on Apr 14, 2022.
             Was a Believer of Qazlal.
             Slain by Grinder (11 damage)
             ... on level 3 of the Dungeon.
             The game lasted 00:04:35 (2873 turns).

spaghetti the Conjurer (Octopode Conjurer)          Turns: 2873, Time: 00:04:36

Health: -1/31      AC:  1    Str:  7    XL:     5   Next: 17%
Magic:  6/9        EV: 13    Int: 22    God:    Qazlal [**....]
Gold:   122        SH:  5    Dex: 10    Spells: 7/10 levels left

rFire   . . .      SeeInvis .   o - +1 dagger (speed) {short}
rCold   . . .      Faith    .   u - +0 buckler
rNeg    . . .      Spirit   .   (helmet restricted)
rPois   .          Reflect  .   (no amulet)
rElec   .          Harm     .   (no ring)
rCorr   .          Rampage  .   (no ring)
Will    .....                   (no ring)
Stlth   +++.......              (no ring)
HPRegen 0.10/turn               (no ring)
MPRegen 0.11/turn               (no ring)
                                (no ring)
                                (no ring)

@: no status effects
A: almost no armour, amphibious, 8 rings, camouflage 1, gelatinous body 1,
(nimble swimmer 1), tentacles
a: Renounce Religion, Upheaval


You were on level 3 of the Dungeon.
You worshipped Qazlal.
Qazlal was pleased with you.
You visited 1 branch of the dungeon, and saw 4 of its levels.

You collected 122 gold pieces.


Innate Abilities, Weirdness & Mutations

You cannot wear most types of armour.
You are amphibious.
You can wear up to eight rings at the same time.
Your skin changes colour to match your surroundings (Stealth+).
Your rubbery body absorbs attacks. (AC +1, EV +1)
((You are camouflaged when in or above water. (Stealth+)))
You have tentacles for arms and can constrict up to eight enemies at once.


   Skills:
 + Level 3.1 Dodging
 - Level 2.6 Stealth
 + Level 3.3 Spellcasting
 - Level 5.0 Conjurations


You had 7 spell levels left.
You knew the following spells:

 Your Spells              Type           Power      Damage    Failure   Level
a - Magic Dart            Conj           100%       1d8       2%          1
b - Searing Ray           Conj           50%        2d6       3%          2

Your spell library contained the following spells:

 Spells                   Type           Power      Damage    Failure   Level
 Dazzling Flash           Conj/Hex       28%        N/A       19%         3
 Sublimation of Blood     Necr           3%         N/A       26%         2
 Wereblood                Tmut           3%         N/A       26%         2
 Fulminant Prism          Conj/Hex       7%         3d7       52%         4
 Iskenderun's Mystic Bla  Conj/Tloc      14%        2d5       52%         4
 Summon Hydra             Summ           1%         N/A       100%        7

Inventory:

Hand Weapons
 b - a +0 dagger {short}
   (You found it on level 1 of the Dungeon)
 g - a +0 club {mace}
   (You took it off a goblin on level 1 of the Dungeon)
 j - a +0 short sword {short}
   (You took it off a kobold on level 1 of the Dungeon)
 l - a +0 whip {mace}
   (You found it on level 1 of the Dungeon)
 o - a +1 dagger of speed (weapon) {short}
   (You found it on level 3 of the Dungeon)
Missiles
 h - 76 stones {throwing}
Armour
 u - a +0 buckler (worn)
   (You found it on level 2 of the Dungeon)
Wands
 s - a wand of flame (25)
   (You took it off Ijyb on level 3 of the Dungeon)
Scrolls
 e - a scroll of brand weapon {unknown}
 k - a scroll of fog {unknown}
 p - 2 scrolls of teleportation {unknown}
 q - a scroll of identify {unknown}
 r - a scroll of immolation {!r!r}
 w - 3 scrolls of enchant armour {unknown}
 x - a scroll of magic mapping {unknown}
Potions
 a - a potion of haste {@q3}
 c - a potion of cancellation {unknown}
 d - a potion of might {unknown}
 f - a potion of attraction {unknown}
 i - 2 potions of flight {unknown}
 m - 3 potions of curing {unknown}
 n - 3 potions of heal wounds {@q2}
 t - a potion of mutation {unknown}
 v - a potion of lignification {unknown}

Dungeon Overview and Level Annotations

Branches:
Dungeon (4/15)
 Temple: D:4-7

Altars:
Dithmenos
Gozag
Kikubaaqudgha
Makhleb
Okawaru
Qazlal
Sif Muna
Uskayaw
Vehumet
Wu Jian
Xom
The Shining One

Shops:
D:2 (

Annotations:
D:3 Grinder
D:4 Menkaure

#...# #†.........# #...#
#..........# #####...#
#..........# #.......#
#..........# ..####.##
#..........# ### #..###
##..........# # ##...###
##...........# #
####...######............# #
####.........5@...###########
###.........#.#####.#
....##.........# #.#
#####..........####.#
#...........##..#
#.........#.##.##
#####.........#.##.#
.>............#....#
.#####.......##..###


You could see Grinder.


Message History

The hobgoblin shouts! 😎 MP[-1]
You lost 1 mp, and now have 8/9 mp.
The magic dart hits the hobgoblin.
The magic dart hits the hobgoblin.
You kill the hobgoblin!
Qazlal accepts your kill.
No target in view!
No target in view!
No target in view!
No target in view! 😎 MP[-2]
You lost 2 mp, and now have 6/9 mp.
No target in view!
No target in view!
No target in view!
No target in view!
No target in view!
No target in view!
No target in view!
No target in view!
No target in view!
There is a stone staircase leading up here.
You climb upwards.
There is a stone staircase leading down here.
You see here a +0 club {mace}.
There is a stone staircase leading down here. 😎 MP[+3]
Your mp is fully restored (9).
You climb downwards.
Menkaure shouts!
The endoplasm quivers.
Menkaure calls on the powers of darkness!
Your body is wracked with pain!
The endoplasm convulses!
You hear an angry hiss. x2
There is a stone staircase leading up here. 😮 HP[-14]
You take 14 damage, and now have 17/31 hp.
MASSIVE DAMAGE!! (PAUSE)
You climb upwards.
There is a stone staircase leading down here.
Unknown command.
You start resting. 😎 HP[+14]
Your hp is fully restored (31).
There is a stone staircase leading down here.
You climb downwards.
Level annotation: Menkaure Grinder shouts!
Grinder blinks!
Found 13 gold pieces, a runed cloak and a potion of heal wounds.
Found an escape hatch in the floor.
There is a stone staircase leading up here.
Unknown command.
Unknown command.
Casting: Magic Dart (safe; 2% risk of failure)
Confirm with . or Enter, or press ? or * to list all spells.
Aiming: Magic Dart (safe; 2% risk of failure)
Press: ? - help, Shift-Dir - straight line, f - Grinder
Aim: Grinder (100% to hit)
The magic dart hits Grinder.
Grinder gestures at you.
You suddenly lose the ability to move!
Grinder hits you.
You writhe in agony.
Grinder gestures at you. You resist with significant effort.
A phantom comes into view.
Grinder hits you.
You writhe in agony.
* * * LOW HITPOINT WARNING * * *
You can move again. 😨 HP[-16] MP[-1]
You take 16 damage, and now have 15/31 hp.
MASSIVE DAMAGE!! (PAUSE)
You lost 1 mp, and now have 8/9 mp.
Unknown command.
You block Grinder's attack.
You climb upwards.
There is a stone staircase leading down here. 😨 MP[+1]
Your mp is fully restored (9).
Unknown command.
Unknown command.
Unknown command.
Casting: Magic Dart (safe; 2% risk of failure)
Confirm with . or Enter, or press ? or * to list all spells.
Aiming: Searing Ray (safe; 3% risk of failure)
Press: ? - help, Shift-Dir - straight line, f - Grinder
Aim: Grinder (lightly wounded, 77% to hit)
The searing ray hits Grinder. (Press . to maintain the ray.) Grinder hits you.
* * * LOW HITPOINT WARNING * * *
You writhe in agony.
* * * LOW HITPOINT WARNING * * *
😨 HP[-5] MP[-2]
You take 5 damage, and now have 10/31 hp.
You lost 2 mp, and now have 7/9 mp.
The searing ray hits Grinder!
Grinder hits you!
You die...

Skill      XL: |  1  2  3  4 |
---------------+-------------+-----
Conjurations   | 5 |  5.0
Spellcasting   | 3 |  3.3
Dodging        | 3 |  3.1
Stealth        | |  2.6

Action                   |  1- 3 |  4- 6 || total
-------------------------+-------+-------++-------
Melee: Unarmed           |     4 |       ||     4
       Dagger            |     5 |     9 ||    14
       Tentacles         |     2 |     4 ||     6
       Constrict         |     1 |     3 ||     4
 Cast: Magic Dart        |    39 |    51 ||    90
       Searing Ray       |     1 |     3 ||     4
  Use: Potion            |       |     1 ||     1
Armor: Skin              |     6 |     2 ||     8
Dodge: Dodged            |    14 |     7 ||    21
Block: Other             |     1 |       ||     1
       Buckler           |       |     2 ||     2

Levels and vault maps discovered:
D:1:      dpeg_arrival_short_road, layout_loops_cross, minmay_misc_feat_alley,
          serial_bayou_pond_d, hangedman_decor_lopped,
          nicolae_concentric_dashed_squares_wild
D:2:      minmay_chambers_of_ones, layout_basic, serial_shops, shop_fountains,
          basic_altar, uniq_robin
D:3:      layout_rooms, nicolae_overflows_in_rows,
          hellmonk_ecumenical_altar_blasted, uniq_ijyb
D:4:      layout_rooms, kennysheep_generic_room_5, uniq_menkaure, uniq_grinder

Notes
Turn   | Place    | Note
-------+----------+-------------------------------------------
     0 | D:1      | spaghetti the Octopode Conjurer began the quest for the
                  | Orb.
     0 | D:1      | Reached XP level 1. HP: 11/11 MP: 3/3
     0 | D:1      | magus.rc [v1.9.6]
   388 | D:1      | Reached XP level 2. HP: 14/17 MP: 0/5
   957 | D:2      | Reached XP level 3. HP: 21/21 MP: 1/6
  1014 | D:2      | Learned a level 2 spell: Searing Ray
  1043 | D:2      | You pick up a book of Blood and begin reading...
  1043 | D:2      | You add the spells Sublimation of Blood, Wereblood and
                  | Summon Hydra to your library.
  1078 | D:2      | Noticed Robin
  1339 | D:3      | Found a faded altar of an unknown god.
  1354 | D:3      | Prayed at the altar of an unknown god.
  1354 | D:3      | Became a worshipper of Qazlal Stormbringer
  1354 | D:3      | Reached * piety under Qazlal
  1434 | D:3      | Found a radiant altar of Vehumet.
  1435 | D:3      | Found a shimmering blue altar of Sif Muna.
  1436 | D:3      | Found a burning altar of Makhleb.
  1437 | D:3      | Found a glowing golden altar of the Shining One.
  1437 | D:3      | Found an ancient bone altar of Kikubaaqudgha.
  1437 | D:3      | Found an iron altar of Okawaru.
  1438 | D:3      | Found an opulent altar of Gozag.
  1438 | D:3      | Found a hide-covered altar of Uskayaw.
  1439 | D:3      | Found a shadowy altar of Dithmenos.
  1440 | D:3      | Found a shimmering altar of Xom.
  1440 | D:3      | Found an ornate altar of the Wu Jian Council.
  1468 | D:3      | Noticed Ijyb
  1479 | D:3      | Killed Ijyb
  1480 | D:3      | Reached skill level 5 in Conjurations
  1480 | D:3      | Reached XP level 4. HP: 22/27 MP: 0/7
  2029 | D:2      | Found Sahyost's Antique Weapon Shoppe.
  2033 | D:2      | Found a radiant altar of Vehumet.
  2117 | D:2      | Killed Robin
  2136 | D:2      | Reached skill level 3 in Spellcasting
  2631 | D:4      | Reached ** piety under Qazlal
  2632 | D:4      | Reached skill level 3 in Dodging
  2632 | D:4      | Reached XP level 5. HP: 31/31 MP: 7/9
  2706 | D:4      | Noticed Menkaure
  2862 | D:4      | Noticed Grinder
  2863 | D:4      | Paralysed by Grinder for 7 turns
  2869 | D:4      | Noticed a phantom
  2873 | D:3      | Slain by Grinder

Vanquished Creatures
  A hound (D:4)
  Ijyb (D:3)
  Robin (D:2)
  An adder (D:2)
  An orc (D:4)
  A ball python (D:2)
  4 bats
  4 endoplasms
  A giant cockroach (D:2)
  9 hobgoblins
  6 frilled lizards
  13 goblins
  6 kobolds
  5 rats
54 creatures vanquished.

Table legend:
 A = Non-vault XP
 B = Vault XP
 C = Vault XP percentage of total XP
 D = Non-vault monster count
 E = Vault monster count
 F = Vault count percentage of total count
                 A         B        C        D         E       F
            +---------+---------+-------+---------+---------+-------
      Total |     108 |      84 |  43.8 |      35 |      19 |  35.2
            +---------+---------+-------+---------+---------+-------
        D:1 |      18 |       0 |   0.0 |      11 |       0 |   0.0
        D:2 |      35 |      45 |  56.2 |      15 |      18 |  54.5
        D:3 |       8 |      39 |  83.0 |       6 |       1 |  14.3
        D:4 |      47 |       0 |   0.0 |       3 |       0 |   0.0
            +---------+---------+-------+---------+---------+-------

Illustrated notes

Table legend:
 A = Kills in this place as a percentage of kills in entire the game.
 B = Kills by you in this place as a percentage of kills by you in the entire game.
 C = Kills by friends in this place as a percentage of kills by friends in the entire game.
 D = Other kills in this place as a percentage of other kills in the entire game.
 E = Experience gained in this place as a percentage of experience gained in the entire game.
 F = Experience gained in this place divided by the number of levels of this place that you have seen.
                   A       B       C       D       E      F
               +-------+-------+-------+-------+-------+----------------------
         Total | 100.0 | 100.0 |   N/A |   N/A | 100.0 |  48.0
       Dungeon | 100.0 | 100.0 |   N/A |   N/A | 100.0 |  48.0
               +-------+-------+-------+-------+-------+----------------------

Table legend: (Time is in decaauts)
 A = Elapsed time spent in this place.
 B = Non-inter-level travel time spent in this place.
 C = Inter-level travel time spent in this place.
 D = Time resting spent in this place.
 E = Time spent auto-exploring this place.
 F = Levels seen in this place.
 G = Mean time per level.
                   A        B        C        D        E       F      G
               +--------+--------+--------+--------+--------+-----+--------+
         Total |   2870 |   2797 |     73 |    304 |   2197 |   4 |  717.5 |
       Dungeon |   2870 |   2797 |     73 |    304 |   2197 |   4 |  717.5 |
               +--------+--------+--------+--------+--------+-----+--------+

Top non-repeatable levels by time:
     D:2: 994 daAuts
     D:3: 919 daAuts
     D:1: 891 daAuts
     D:4: 66 daAuts
